 Dungeon Crawl Stone Soup version 0.31-a0-1082-g7d1fb776a8 (webtiles) character file.

Game seed: 2409059508858674925

745 MacCMillion the Digger (level 7, -1/36 HPs)
             Began as a Deep Elf Earth Elementalist on Nov 27, 2023.
             Was an Initiate of Vehumet.
             Slain by a centaur
             ... wielding a +0 rapier
              (7 damage)
             ... on level 5 of the Dungeon.
             The game lasted 00:09:07 (4576 turns).

MacCMillion the Digger (DEEE)                       Turns: 4576, Time: 00:09:08

Health: -1/36      AC:  5    Str:  5    XL:     7   Next: 47%
Magic:  15/16      EV: 17    Int: 22    God:    Vehumet [......]
Gold:   374        SH:  0    Dex: 15    Spells: 12/16 levels left

rFire   . . .        w - +8 arc blade {discharge, rElec}
rCold   . . .        (no shield)
rNeg    + . .        a - +0 robe
rPois   .            m - +0 helmet
rElec   +            (no cloak)
rCorr   .            r - +0 pair of gloves
SInv    .            C - +0 pair of boots
Will    .....        (no amulet)
Stlth   +++          q - +5 ring of evasion
HPRegen 0.26/turn    s - ring of positive energy
MPRegen 0.15/turn

%: no passive effects
@: no status effects
A: no striking features
a: Renounce Religion


You were on level 5 of the Dungeon.
You worshipped Vehumet.
Vehumet was noncommittal.
You visited 2 branches of the dungeon, and saw 6 of its levels.
You also visited: Sewer.

You collected 374 gold pieces.

Inventory:

Hand Weapons
 f - a +0 dagger
 t - a +2 antimagic short sword
 w - the +8 arc blade (weapon) {discharge, rElec}
   (You found it on level 4 of the Dungeon)

   rElec:     It insulates you from electricity.
Armour
 a - a +0 robe (worn)
 m - a +0 helmet (worn)
 r - a +0 pair of gloves (worn)
 C - a +0 pair of boots (worn)
Magical Staves
 k - a staff of air
Jewellery
 q - a +5 ring of evasion (left hand)
 s - a ring of positive energy (right hand)
Scrolls
 c - a scroll of poison {unknown}
 h - 2 scrolls of enchant weapon {unknown}
 i - 2 scrolls of teleportation
 j - a scroll of amnesia {unknown}
 p - 2 scrolls of revelation {unknown}
 u - 2 scrolls of acquirement {unknown}
 v - a scroll of enchant armour {unknown}
 y - 3 scrolls of noise {unknown}
Potions
 b - 2 potions of magic
 d - a potion of enlightenment {unknown}
 e - 4 potions of haste
 g - 2 potions of curing
 l - 2 potions of lignification
 n - 3 potions of degeneration
 o - a potion of attraction {unknown}
 x - a potion of resistance {unknown}
 z - a potion of cancellation {unknown}
 A - 2 potions of invisibility {unknown}
 B - 2 potions of mutation {unknown}


   Skills:
 - Level 2.4 Dodging
 - Level 4.0 Stealth
 - Level 5.0 Spellcasting
 + Level 5.3 Conjurations
 - Level 1.1 Transmutations
 + Level 6.7 Earth Magic


You had 12 spell levels left.
You knew the following spells:

 Your Spells              Type           Power      Damage    Failure   Level
a - Sandblast             Erth           70%        2d15      1%          1
b - Stone Arrow           Conj/Erth      62%        3d10      2%          3

Your spell library contained the following spells:

 Spells                   Type           Power      Damage    Failure   Level
 Passwall                 Tmut/Erth      18%        N/A       3%          2
 Momentum Strike          Conj/Tloc      34%        3d8       5%          2
 Brom's Barrelling Bould  Conj/Erth      31%        2d5       9%          4
 Blink                    Tloc           10%        N/A       16%         2
 Lesser Beckoning         Tloc           10%        N/A       16%         2
 Petrify                  Tmut/Erth      22%        N/A       21%         4
 Ozocubu's Armour         Ice            5%         N/A       30%         3
 Metabolic Englaciation   Hex/Ice        2%         N/A       95%         5
 Simulacrum               Ice/Necr       2%         N/A       100%        6


Dungeon Overview and Level Annotations

Branches:
Dungeon (5/15)             Temple (1/1) D:5           Sewer (visited)

Altars:
Ashenzari
Cheibriados
Fedhas
Makhleb
Nemelex Xobeh
Okawaru
Ru
Sif Muna
Trog
Uskayaw
Vehumet
Wu Jian
Xom
Yredelemnul
Zin
The Shining One

Shops:
D:4 ?:=*

Annotations:
D:2 1 runed translucent door, Crazy Yiuf


Message History

a +0 club; an orc skeleton You enter the shallow water.
Moving in this stuff is going to be slow.
Found a shimmering blue altar of Sif Muna.
Okay, then.
You enter the shallow water.
Moving in this stuff is going to be slow.
A centaur comes into view. It is wielding a +0 rapier.
A centaur is nearby!
Things that are here:
a +0 club; an orc skeleton The centaur shouts!
The centaur unwields a +0 rapier.
The centaur wields a +0 orcbow.
The centaur shoots an arrow.
The arrow hits you!!
Ouch! That really hurt!
The centaur shoots an arrow.
The arrow misses you.
You are too injured to fight recklessly!
The centaur shoots an arrow.
The arrow closely misses you.
Aiming: Sandblast (safe; 1% risk of failure)
Press: ? - help, Q - select action, (/) - cycle Shift-Dir - straight line, f - centaur
Aim: a centaur, wielding a +0 orcbow (90% to hit)
Okay, then.
The centaur unwields a +0 orcbow.
The centaur wields a +0 rapier.
The centaur hits you with a +0 rapier! The centaur kicks you.
* * * LOW HITPOINT WARNING * * *
Aiming: Sandblast (safe; 1% risk of failure)
Press: ? - help, Q - select action, (/) - cycle Shift-Dir - straight line, f - centaur
Aim: a centaur, wielding a +0 rapier (90% to hit)
Okay, then.
Aiming: Sandblast (safe; 1% risk of failure)
Press: ? - help, Q - select action, (/) - cycle Shift-Dir - straight line, f - centaur
Aim: a centaur, wielding a +0 rapier (90% to hit)
The blast of sand hits the centaur!!
The centaur is almost dead.
The centaur hits you with a +0 rapier.
* * * LOW HITPOINT WARNING * * *
The centaur kicks you but does no damage.
The centaur hits you but does no damage.
The centaur completely misses you. The centaur hits you with a +0 rapier!
You die...

.........................~.#..
#.......................~....
#.......................~.#..
..##........##............#≈####
.............)...........>#≈#..#
#........#####....).......###...
#..≈≈≈...# #............######
#..≈.≈...# #.c.......#..##.#..
##..≈.≈...#####.@...)...#..##.#.#
....≈.≈......#8.8#............#..
.............#...#...............
...........###8)8###.............
..........##≈≈...≈≈##............
.#.....####≈≈~8.8~≈≈##...........
#.....###≈≈≈~#+#~≈≈≈#........##'
#......##≈≈.# ##.≈≈##.......##.
.#......#≈≈≈.#...#.≈≈≈#.......##.


You could see a centaur.

Vanquished Creatures
  Edmund (D:4)
  A black bear (D:4)
  2 kobold brigands (Sewer)
  A hound (D:5)
  4 iguanas
  2 orc wizards (D:5)
  4 gnolls (D:4)
  4 adders (D:4)
  A river rat (D:4)
  2 ufetubi (D:4)
  3 worms
  2 dart slugs
  8 orcs (D:5)
  13 ball pythons
  7 bats
  8 endoplasms
  7 giant cockroaches
  4 goblins
  8 hobgoblins
  4 jackals
  3 quokkas
  4 frilled lizards
  24 kobolds
  8 rats
125 creatures vanquished.

Notes
Turn   | Place    | Note
-------+----------+-------------------------------------------
     0 | D:1      | MacCMillion the Deep Elf Earth Elementalist began the quest
                  | for the Orb.
     0 | D:1      | Reached XP level 1. HP: 10/10 MP: 6/6
   161 | D:1      | Reached XP level 2. HP: 15/15 MP: 5/8
   833 | D:2      | Found a faded altar of an unknown god.
   834 | D:2      | Noticed a golden eye
   838 | D:2      | Noticed an eye of devastation
   838 | D:2      | Noticed a great orb of eyes
   838 | D:2      | Noticed a great orb of eyes
   973 | D:2      | Reached skill level 4 in Earth Magic
  1003 | D:2      | Reached XP level 3. HP: 19/19 MP: 5/10
  1131 | D:2      | Identified the +10 hammer of Hochuy {freeze, rF+}
  1231 | D:2      | Found a runed translucent door.
  1232 | D:2      | Noticed Crazy Yiuf
  1712 | D:3      | Reached skill level 1 in Conjurations
  2434 | D:4      | Found Tiuseam's General Store.
  2434 | D:4      | Found Rybiuwedd's Jewellery Emporium.
  2434 | D:4      | Found Xidwilum's Book Emporium.
  2442 | D:4      | Reached XP level 4. HP: 24/24 MP: 9/12
  2483 | D:4      | Found an ornate altar of the Wu Jian Council.
  2491 | D:4      | Reached skill level 5 in Spellcasting
  2491 | D:4      | Found the +8 arc blade {discharge, rElec}
  2500 | D:4      | Noticed a black bear
  2503 | D:4      | Killed a black bear
  2504 | D:4      | Reached skill level 5 in Earth Magic
  2504 | D:4      | Reached XP level 5. HP: 28/28 MP: 3/14
  2642 | D:4      | Found a glowing drain.
  2646 | Sewer    | Entered a sewer
  2744 | Sewer    | Reached XP level 6. HP: 19/32 MP: 6/15
  3290 | D:4      | Reached skill level 6 in Earth Magic
  3360 | D:4      | Found Xiucsaph's Magic Scroll Boutique.
  3483 | D:4      | Noticed Edmund
  3601 | D:4      | Learned a level 3 spell: Stone Arrow
  3614 | D:4      | Killed Edmund
  3615 | D:4      | Reached XP level 7. HP: 36/36 MP: 1/16
  3822 | D:5      | Entered Level 5 of the Dungeon
  3866 | D:5      | Found a staircase to the Ecumenical Temple.
  3883 | Temple   | Entered the Ecumenical Temple
  3906 | Temple   | Became a worshipper of Vehumet
  3931 | D:5      | Reached skill level 5 in Conjurations
  4564 | D:5      | Found a shimmering blue altar of Sif Muna.
  4576 | D:5      | Slain by a centaur

Illustrated notes

Levels and vault maps discovered:
D:1:      dpeg_arrival_rooms_b, layout_basic, minmay_hedge_maze
D:2:      layout_basic, hellmonk_ecumenical_altar_watching_god,
          uniq_crazy_yiuf_cottage
D:3:      layout_loops_ring
D:4:      layout_layer_cave, mainiacjoe_overflow_boulevard,
          mainiacjoe_sewer_entry_somewhere_in_here_2, serial_shops,
          shop_scrolls, nicolae_shop_distant_corner_stores, uniq_edmund
D:5:      layout_basic, grunt_dithmenos_smoke_and_mirrors,
          kennysheep_orc_sif_temple, minmay_temple_entry_mini_moons,
          serial_rivers, chequers_serial_rivers_small_b,
          chequers_serial_rivers_room_a, chequers_serial_rivers_micro_a,
          chequers_serial_rivers_micro_d, chequers_serial_rivers_small_a,
          chequers_serial_rivers_micro_a, minmay_holes
Temple:   minmay_temple_curvy_branch

Skill      XL: |  1  2  3  4  5  6  7 |
---------------+----------------------+-----
Spellcasting   | 4 5 |  5.0
Earth Magic    | 4 5 6 |  6.7
Conjurations   | 1 3 4 5 |  5.3
Stealth        | 4 |  4.0
Dodging        | |  2.4
Transmutations | |  1.1

Action                     |  1- 3 |  4- 6 |  7- 9 || total
---------------------------+-------+-------+-------++-------
  Melee: Rapier            |       |     1 |       ||     1
   Cast: Sandblast         |    67 |    80 |    32 ||   179
         Stone Arrow       |       |     3 |       ||     3
    Use: Scroll            |       |     5 |       ||     5
 Armour: Robe              |     2 |    30 |    10 ||    42
  Dodge: Dodged            |     5 |    53 |    10 ||    68

Table legend: (Time is in decaauts)
 A = Elapsed time spent in this place.
 B = Non-inter-level travel time spent in this place.
 C = Inter-level travel time spent in this place.
 D = Time resting spent in this place.
 E = Time spent auto-exploring this place.
 F = Levels seen in this place.
 G = Mean time per level.
                   A        B        C        D        E       F      G
               +--------+--------+--------+--------+--------+-----+--------+
         Total |   4712 |   4518 |    194 |    491 |   3204 |   7 |  673.1 |
       Dungeon |   4126 |   3975 |    151 |    364 |   2955 |   5 |  825.2 |
        Temple |     45 |      2 |     43 |      0 |      0 |   1 |   45.0 |
         Sewer |    539 |    539 |      0 |    127 |    249 |   1 |  539.0 |
               +--------+--------+--------+--------+--------+-----+--------+

Top non-repeatable levels by time:
     D:4: 929 daAuts
     D:2: 923 daAuts
     D:1: 803 daAuts
     D:3: 741 daAuts
     D:5: 728 daAuts
   Sewer: 539 daAuts
  Temple: 45 daAuts
